 Dungeon Crawl Stone Soup version 0.26.0-20-g3ca415f5b8 (webtiles) character file.

Game seed: 138366717962000023

19 hatsuma the Magician (level 2, -1/15 HPs)
             Began as a Deep Elf Hedge Wizard on Jan 24, 2021.
             Slain by a jackal (3 damage)
             ... on level 1 of the Dungeon.
             The game lasted 00:05:13 (732 turns).

hatsuma the Magician (Deep Elf Hedge Wizard)         Turns: 732, Time: 00:05:13

Health: -1/15      AC:  2    Str:  7    XL:     2   Next: 55%
Magic:  1/9        EV: 13    Int: 18    God:
Gold:   36         SH:  0    Dex: 14    Spells: 2/9 levels left

rFire    . . .     SeeInvis .   a - +0 dagger
rCold    . . .     Faith    .   (no shield)
rNeg     . . .     Spirit   .   b - +0 robe
rPois    .         Reflect  .   c - +0 hat
rElec    .         Harm     .   (no cloak)
rCorr    .         Rampage  .   (no gloves)
Will     .....                  (no boots)
Stlth    ++........             (no amulet)
HPRegen  0.05/turn              (no ring)
MPRegen  0.11/turn              (no ring)

@: no status effects
A: no striking features
a: no special abilities


You were on level 1 of the Dungeon.
You visited 1 branch of the dungeon, and saw 2 of its levels.

You collected 36 gold pieces.

Inventory:

Hand Weapons
 a - a +0 dagger (weapon)
Missiles
 d - 40 arrows
Armour
 b - a +0 robe (worn)
 c - a +0 hat (worn)
Scrolls
 e - 3 scrolls of identify


   Skills:
 - Level 2.4 Dodging
 - Level 2.4 Stealth
 - Level 4.4 Spellcasting
 - Level 1.5 Conjurations
 + Level 1.8 Hexes
 - Level 2.0 Summonings
 - Level 1.1 Translocations


You had 2 spell levels left.
You knew the following spells:

 Your Spells              Type           Power        Failure   Level
a - Magic Dart            Conj           36%          8%          1
b - Call Imp              Summ           11%          10%         2
c - Blink                 Tloc           N/A          14%         2
d - Slow                  Hex            10%          10%         2

Your spell library contained the following spells:

 Spells                   Type           Power        Failure   Level
 Conjure Flame            Conj/Fire      6%           30%         3
 Mephitic Cloud           Conj/Pois/Air  5%           34%         3


Dungeon Overview and Level Annotations

Branches:
Dungeon (2/15)

Altars:


Message History

The jackal misses you.
A kobold comes into view. It is wielding a +0 dagger.
The jackal barely misses you. The jackal closely misses you.
The jackal barely misses you.
Your crimson imp blinks!
The jackal bites you.
* * * LOW HITPOINT WARNING * * *
Casting: Magic Dart (safe; 8% risk of failure)
Confirm with . or Enter, or press ? or * to list all spells.
Aiming: Magic Dart (safe; 8% risk of failure)
Press: ? - help, Shift-Dir - straight line, f - jackal
Aim: a jackal (almost dead, 0% to evade)
The magic dart hits the jackal.
You kill the jackal!
The jackal closely misses you.
The kobold shouts!
The jackal bites you but does no damage.
Your crimson imp disappears in a puff of smoke!
The jackal bites you.
You die...

.....'..............>........
##...#.#........#§...........
######.#.5##'''##......(....#
# #.#..#.....#............ #
#.#.K#..<..#5...#.....#. #
#.#..#.....#....#....... #
#.#.†#.....#....#..##... #
#.#..##+++##h...#..# ...
######.#.......)@.......# #..
.......#.############.###.#...
########....#.................
.......................##.#...
###...........#.#####..# #
#.########...)..# #..# # #.#
#......# #..# ###'#####
#......# ##.# ##......#
#......# #..


You could see a jackal and a friendly crimson imp (summoned).

Vanquished Creatures
  An ooze (D:2)
  2 dart slugs (D:1)
  A hobgoblin (D:1)
  2 jackals (D:1)
  2 bats
  A rat (D:1)
9 creatures vanquished.

Vanquished Creatures (collateral kills)
  2 giant cockroaches (D:2)
  A jackal (D:1)
3 creatures vanquished.

Grand Total: 12 creatures vanquished

Notes
Turn   | Place    | Note
-------+----------+-------------------------------------------
     0 | D:1      | hatsuma the Deep Elf Hedge Wizard began the quest for the
                  | Orb.
     0 | D:1      | Reached XP level 1. HP: 10/10 MP: 7/7
   445 | D:1      | Reached XP level 2. HP: 15/15 MP: 3/9
   451 | D:1      | Learned a level 2 spell: Call Imp
   454 | D:1      | Learned a level 2 spell: Blink
   457 | D:1      | Learned a level 2 spell: Slow
   521 | D:1      | You fall into a shaft and drop 1 floor!
   651 | D:2      | Reached skill level 1 in Hexes
   732 | D:1      | Slain by a jackal

Illustrated notes

Levels and vault maps discovered:
D:1:      dpeg_arrival_windows_large_door, layout_basic, grunt_decor_junction
D:2:      layout_rooms, chequers_ecumenical_altar_simple_redux,
          minmay_surrounded

Skill      XL: |  1  2 |
---------------+-------+-----
Summonings     | 2 |  2.0
Hexes          | 1 |  1.8
Dodging        | |  2.4
Stealth        | |  2.4
Spellcasting   | |  4.4
Conjurations   | |  1.5
Translocations | |  1.1

Action                   || total
-------------------------++-------
Melee: Dagger            ||    18
 Cast: Magic Dart        ||    25
       Call Imp          ||     6
  Use: Scroll            ||     1
 Stab: Sleeping          ||     2
Armor: Robe              ||    17
Dodge: Dodged            ||    35
